BSA
ST. LOUIS BROWNS @ IRVINE GANG GREEN
07/25/2028
 
TOP OF THE 1ST
St. Louis Browns batting - Pitching for Irvine Gang Green : RHP Alfredo Montalvo
Pitching: RHP Alfredo Montalvo
Batting: LHB Robin Hill 0-0: SINGLE (Line Drive, 6MD)
Batting: LHB Bob Ware 0-0: Ball
1-0: Fly out, F9 (Flyball, 89D)
Batting: LHB Mike Hill 0-0: Ball
Throwing error on steal attempt, E2
Robin Hill to third
1-0: Called Strike
1-1: SINGLE (Groundball, 56D)
Robin Hill scores
Batting: RHB Carlos Alfaro 0-0: Called Strike
0-1: Ball
1-1: Ball
2-1: Fly out, F9 (Flyball, 9)
Batting: RHB Jeff Jones 0-0: Swinging Strike
0-1: Called Strike
0-2: Ball
1-2: Ball
2-2: Ball
3-2: Strikes out swinging
Top of the 1st over - 1 run(s), 2 hit(s), 1 error(s), 1 left on base; St. Louis 1 - Irvine 0
BOTTOM OF THE 1ST
Irvine Gang Green batting - Pitching for St. Louis Browns : RHP Kitahachi Okada
Pitching: RHP Kitahachi Okada
Batting: LHB José Sánchez 0-0: Ball
1-0: Ball
2-0: Fly out, F4 (Popup, 34D)
Batting: RHB Tom Doherty 0-0: Ball
1-0: SINGLE (Groundball, 56D)
Batting: RHB Buck Jones 0-0: DOUBLE (Line Drive, 8RXD)
Tom Doherty to third
Batting: LHB Víctor Quiñones 0-0: Ball
1-0: Ground out 3-1 (Groundball, 34)
Tom Doherty scores
Buck Jones to third
Batting: RHB Eichiro Yamamoto 0-0: Called Strike
0-1: Foul Ball, location: 2F
0-2: Ball
1-2: Ball
2-2: Ground out 6-3 (Groundball, 6)
Bottom of the 1st over - 1 run(s), 2 hit(s), 0 error(s), 1 left on base; St. Louis 1 - Irvine 1
TOP OF THE 2ND
St. Louis Browns batting - Pitching for Irvine Gang Green : RHP Alfredo Montalvo
Batting: LHB Jorge Torres 0-0: Ground out 6-3 (Groundball, 6)
Batting: SHB David Johnstone 0-0: Foul Ball, location: 2F
0-1: Fly out, F5 (Flyball, 56D)
Batting: LHB Dave Watson 0-0: Ground out 3-1 (Groundball, 34)
Top of the 2nd over - 0 run(s), 0 hit(s), 0 error(s), 0 left on base; St. Louis 1 - Irvine 1
BOTTOM OF THE 2ND
Irvine Gang Green batting - Pitching for St. Louis Browns : RHP Kitahachi Okada
Batting: LHB Leonardo Medina 0-0: Fly out, F5 (Line Drive, 5D)
Batting: RHB José Salazar 0-0: Called Strike
0-1: Swinging Strike
0-2: Foul Ball, location: 2F
0-2: Ball
1-2: Ball
2-2: Foul Ball, location: 2F
2-2: Ball
3-2: Foul Ball, location: 2F
3-2: Ground out 6-3 (Groundball, 6)
Batting: LHB Tom Baker 0-0: Called Strike
0-1: Ground out 4-3 (Groundball, 4S)
Bottom of the 2nd over - 0 run(s), 0 hit(s), 0 error(s), 0 left on base; St. Louis 1 - Irvine 1
TOP OF THE 3RD
St. Louis Browns batting - Pitching for Irvine Gang Green : RHP Alfredo Montalvo
Batting: LHB Bill Murphy 0-0: Ball
1-0: Called Strike
1-1: Foul Ball, location: 2F
1-2: Ball
2-2: Ball
3-2: Ground out 3-1 (Groundball, 34)
Batting: LHB Robin Hill 0-0: Called Strike
0-1: Ball
1-1: Ball
2-1: Ball
3-1: Fly out, F7 (Flyball, 7)
Batting: LHB Bob Ware 0-0: Foul Ball, location: 2F
0-1: Swinging Strike
0-2: Foul Ball, location: 2F
0-2: Ball
1-2: Ball
2-2: Foul Ball, location: 2F
2-2: Strikes out swinging
Top of the 3rd over - 0 run(s), 0 hit(s), 0 error(s), 0 left on base; St. Louis 1 - Irvine 1
BOTTOM OF THE 3RD
Irvine Gang Green batting - Pitching for St. Louis Browns : RHP Kitahachi Okada
Batting: RHB Aaron Wilson 0-0: Fly out, F8 (Line Drive, 8LM)
Batting: LHB José Sánchez 0-0: Ground out 5-3 (Groundball, 56)
Batting: RHB Tom Doherty 0-0: Foul Ball, location: 2F
0-1: Foul Ball, location: 2F
0-2: Ground out 6-3 (Groundball, 6S)
Bottom of the 3rd over - 0 run(s), 0 hit(s), 0 error(s), 0 left on base; St. Louis 1 - Irvine 1
TOP OF THE 4TH
St. Louis Browns batting - Pitching for Irvine Gang Green : RHP Alfredo Montalvo
Batting: LHB Mike Hill 0-0: Ball
1-0: Foul Ball, location: 2F
1-1: Ground out 4-3 (Groundball, 4)
Batting: RHB Carlos Alfaro 0-0: Called Strike
0-1: Ball
1-1: Ball
2-1: SOLO HOME RUN (Flyball, 78XD), Distance : 435 ft
Batting: RHB Jeff Jones 0-0: Ball
1-0: Swinging Strike
1-1: Ball
2-1: Ball
3-1: Called Strike
3-2: SINGLE (Groundball, 56D)
Batting: LHB Jorge Torres 0-0: Called Strike
0-1: Ball
1-1: Fly out, F2 (Popup, 23)
Batting: SHB David Johnstone 0-0: Ball
1-0: Fly out, F7 (Line Drive, 7)
Top of the 4th over - 1 run(s), 2 hit(s), 0 error(s), 1 left on base; St. Louis 2 - Irvine 1
BOTTOM OF THE 4TH
Irvine Gang Green batting - Pitching for St. Louis Browns : RHP Kitahachi Okada
Batting: RHB Buck Jones 0-0: Ball
1-0: Ball
2-0: Ground out 1-3 (Groundball, P)
Batting: LHB Víctor Quiñones 0-0: Called Strike
0-1: Ball
1-1: SOLO HOME RUN (Flyball, 9D), Distance : 417 ft
Batting: RHB Eichiro Yamamoto 0-0: Called Strike
0-1: Ball
1-1: Foul Ball, location: 2F
1-2: Ball
2-2: Strikes out looking
Batting: LHB Leonardo Medina 0-0: Foul Ball, location: 2F
0-1: SINGLE (Groundball, 34D)
Batting: RHB José Salazar 0-0: Ball
1-0: Called Strike
1-1: Ball
2-1: Called Strike
2-2: Strikes out swinging
Bottom of the 4th over - 1 run(s), 2 hit(s), 0 error(s), 1 left on base; St. Louis 2 - Irvine 2
TOP OF THE 5TH
St. Louis Browns batting - Pitching for Irvine Gang Green : RHP Alfredo Montalvo
Batting: LHB Dave Watson 0-0: Ball
1-0: Foul Ball, location: 2F
1-1: Ball
2-1: Called Strike
2-2: Strikes out swinging
Batting: LHB Bill Murphy 0-0: Called Strike
0-1: Foul Ball, location: 2F
0-2: Ball
1-2: Strikes out swinging
Batting: LHB Robin Hill 0-0: Called Strike
0-1: Swinging Strike
0-2: Reached on error, E3 (Groundball, 34)
Batting: LHB Bob Ware 0-0: Ball
1-0: Ball
2-0: Foul Ball, location: 2F
2-1: SINGLE (Line Drive, 6D)
Robin Hill to second
Batting: LHB Mike Hill 0-0: Ball
1-0: Fielders Choice at 2nd, 6-4 (Groundball, 6)
Top of the 5th over - 0 run(s), 1 hit(s), 1 error(s), 1 left on base; St. Louis 2 - Irvine 2
BOTTOM OF THE 5TH
Irvine Gang Green batting - Pitching for St. Louis Browns : RHP Kitahachi Okada
Batting: LHB Tom Baker 0-0: Called Strike
0-1: Ball
1-1: Called Strike
1-2: Foul Ball, location: 2F
1-2: Strikes out swinging, 2-3 out at first.
Batting: RHB Aaron Wilson 0-0: Called Strike
0-1: Ball
1-1: Called Strike
1-2: Ball
2-2: Ball
3-2: Ground out 5-3 (Groundball, 56)
Batting: LHB José Sánchez 0-0: Foul Ball, location: 2F
0-1: Ball
1-1: Ground out 6-3 (Groundball, 6)
Bottom of the 5th over - 0 run(s), 0 hit(s), 0 error(s), 0 left on base; St. Louis 2 - Irvine 2
TOP OF THE 6TH
St. Louis Browns batting - Pitching for Irvine Gang Green : RHP Alfredo Montalvo
Batting: RHB Carlos Alfaro 0-0: Foul Ball, location: 2F
0-1: Fly out, F4 (Popup, 4D)
Batting: RHB Jeff Jones 0-0: Ball
1-0: Fly out, F9 (Flyball, 9D)
Batting: LHB Jorge Torres 0-0: Fly out, F9 (Flyball, 9S)
Top of the 6th over - 0 run(s), 0 hit(s), 0 error(s), 0 left on base; St. Louis 2 - Irvine 2
BOTTOM OF THE 6TH
Irvine Gang Green batting - Pitching for St. Louis Browns : RHP Kitahachi Okada
Batting: RHB Tom Doherty 0-0: Ball
1-0: SINGLE (Groundball, 6D)
Batting: RHB Buck Jones 0-0: Fly out, F8 (Flyball, 78XD)
Batting: LHB Víctor Quiñones 0-0: Swinging Strike
0-1: Swinging Strike
0-2: Ball
1-2: Strikes out looking
Batting: RHB Eichiro Yamamoto 0-0: Called Strike
0-1: Ball
1-1: Called Strike
1-2: Ball
2-2: Foul Ball, location: 2F
2-2: Foul Ball, location: 2F
2-2: Ball
3-2: Fly out, F8 (Flyball, 8LD)
Bottom of the 6th over - 0 run(s), 1 hit(s), 0 error(s), 1 left on base; St. Louis 2 - Irvine 2
TOP OF THE 7TH
St. Louis Browns batting - Pitching for Irvine Gang Green : RHP Alfredo Montalvo
Batting: SHB David Johnstone 0-0: Swinging Strike
0-1: Ball
1-1: Ball
2-1: Ground out 3-1 (Groundball, 3D)
Batting: LHB Dave Watson 0-0: Swinging Strike
0-1: Called Strike
0-2: SINGLE (Groundball, 34D)
Batting: LHB Bill Murphy 0-0: Called Strike
0-1: Foul Ball, location: 2F
0-2: Strikes out swinging
Batting: LHB Robin Hill 0-0: Ball
1-0: Called Strike
1-1: Ball
2-1: Ball
3-1: Fly out, F5 (Popup, 5L)
Top of the 7th over - 0 run(s), 1 hit(s), 0 error(s), 1 left on base; St. Louis 2 - Irvine 2
BOTTOM OF THE 7TH
Irvine Gang Green batting - Pitching for St. Louis Browns : RHP Kitahachi Okada
Batting: LHB Leonardo Medina 0-0: Ball
1-0: Ground out 4-3 (Groundball, 4)
Batting: RHB José Salazar 0-0: Called Strike
0-1: Foul Ball, location: 2F
0-2: Ball
1-2: Ball
2-2: Fly out, F8 (Flyball, 8RD)
Batting: LHB Tom Baker 0-0: Ball
1-0: Called Strike
1-1: Called Strike
1-2: Ball
2-2: Foul Ball, location: 2F
2-2: Strikes out swinging
Bottom of the 7th over - 0 run(s), 0 hit(s), 0 error(s), 0 left on base; St. Louis 2 - Irvine 2
TOP OF THE 8TH
St. Louis Browns batting - Pitching for Irvine Gang Green : RHP Alfredo Montalvo
Pitching: LHP Santiago González
Pinch Hitting: RHB António Venecia 0-0: Called Strike
0-1: Swinging Strike
0-2: Strikes out swinging
Batting: LHB Mike Hill 0-0: Fly out, F9 (Flyball, 89S)
Batting: RHB Carlos Alfaro 0-0: Ball
1-0: Ball
2-0: Ball
3-0: Called Strike
3-1: Fly out, F8 (Flyball, 8LS)
Top of the 8th over - 0 run(s), 0 hit(s), 0 error(s), 0 left on base; St. Louis 2 - Irvine 2
BOTTOM OF THE 8TH
Irvine Gang Green batting - Pitching for St. Louis Browns : RHP Kitahachi Okada
Pitching: RHP Beau Brown
Now in CF: Mario Rosales
Batting: RHB Aaron Wilson 0-0: Ball
1-0: Ground out 4-3 (Groundball, 4)
Pitching: LHP Luis Noriega
Pinch Hitting: RHB Ronnie Brown 0-0: Ground out 3-1 (Groundball, 34)
Pitching: RHP Cristóbal Gómez
Batting: RHB Tom Doherty 0-0: Called Strike
0-1: Ball
1-1: Foul Ball, location: 2F
1-2: Ball
2-2: SINGLE (Groundball, 4D)
Batting: RHB Buck Jones 0-0: Foul Ball, location: 2F
0-1: Ball
1-1: Foul Ball, location: 2F
1-2: Ground out 5-3 (Groundball, 2L)
Bottom of the 8th over - 0 run(s), 1 hit(s), 0 error(s), 1 left on base; St. Louis 2 - Irvine 2
TOP OF THE 9TH
St. Louis Browns batting - Pitching for Irvine Gang Green : LHP Santiago González
Pitching: RHP Mike Fisher
Now at SS: Ronnie Brown
Batting: RHB Jeff Jones 0-0: Ball
1-0: Fly out, F9 (Flyball, 9S)
Batting: LHB Jorge Torres 0-0: Ball
1-0: Ground out U3 (Groundball, 3)
Batting: SHB David Johnstone 0-0: Called Strike
0-1: Foul Ball, location: 2F
0-2: SINGLE (Groundball, 6MD)
Batting: LHB Dave Watson 0-0: Called Strike
0-1: Called Strike
0-2: Strikes out swinging
Top of the 9th over - 0 run(s), 1 hit(s), 0 error(s), 1 left on base; St. Louis 2 - Irvine 2
BOTTOM OF THE 9TH
Irvine Gang Green batting - Pitching for St. Louis Browns : RHP Cristóbal Gómez
Pitching: LHP Darren Blackwell
Batting: LHB Víctor Quiñones 0-0: Ball
1-0: Ball
2-0: Called Strike
2-1: Called Strike
2-2: Ball
3-2: Strikes out swinging
Batting: RHB Eichiro Yamamoto 0-0: Foul Ball, location: 2F
0-1: Ball
1-1: Swinging Strike
1-2: Ground out 5-3 (Groundball, 56S)
Pitching: LHP Miguel Martínez
Batting: LHB Leonardo Medina 0-0: SINGLE (Flyball, 9S)
Batting: RHB José Salazar 0-0: Ball
1-0: Called Strike
1-1: Ball
2-1: Foul Ball, location: 2F
2-2: Ball
3-2: Ground out 5-3 (Groundball, 56S)
Bottom of the 9th over - 0 run(s), 1 hit(s), 0 error(s), 1 left on base; St. Louis 2 - Irvine 2
TOP OF THE 10TH
St. Louis Browns batting - Pitching for Irvine Gang Green : RHP Mike Fisher
Batting: LHB Bill Murphy 0-0: Ball
1-0: Foul Ball, location: 2F
1-1: Foul Ball, location: 2F
1-2: Ball
2-2: Ball
3-2: Foul Ball, location: 2F
3-2: Strikes out swinging
Batting: LHB Robin Hill 0-0: Ball
1-0: Ball
2-0: Called Strike
2-1: SINGLE (Groundball, 2L) (infield hit)
Batting: RHB Mario Rosales 0-0: Ball
1-0: Fielders Choice at 2nd, 5-4 (Groundball, 56)
Batting: LHB Mike Hill 0-0: Ball
Mario Rosales is caught stealing 2nd base
Top of the 10th over - 0 run(s), 1 hit(s), 0 error(s), 0 left on base; St. Louis 2 - Irvine 2
BOTTOM OF THE 10TH
Irvine Gang Green batting - Pitching for St. Louis Browns : LHP Miguel Martínez
Now in RF: Domingo Romero
Pinch Hitting: RHB Tyler Wagner 0-0: Ball
1-0: Ball
2-0: Fly out, F9 (Line Drive, 89M)
Pinch Hitting: RHB Raúl Salas 0-0: Called Strike
0-1: Ball
1-1: Ball
2-1: Ball
3-1: Foul Ball, location: 2F
3-2: Base on Balls
Pinch Runner at 1st Tony Tavárez:
Batting: RHB Ronnie Brown 0-0: Called Strike
0-1: Ball
1-1: Ball
2-1: Fielders Choice at 2nd, 5-4 (Groundball, 5)
Batting: RHB Tom Doherty 0-0: Foul Ball, location: 2F
0-1: Foul Ball, location: 2F
0-2: Ball
1-2: Foul Ball, location: 2F
1-2: Ground out 5-3 (Groundball, 56S)
Bottom of the 10th over - 0 run(s), 0 hit(s), 0 error(s), 1 left on base; St. Louis 2 - Irvine 2
TOP OF THE 11TH
St. Louis Browns batting - Pitching for Irvine Gang Green : RHP Mike Fisher
Pitching: RHP Raúl Saltines
Now at SS: Don Hooper
Now in CF: Tony Tavárez
Batting: LHB Mike Hill 0-0: Ball
1-0: Fly out, F7 (Line Drive, 7)
Batting: RHB Carlos Alfaro 0-0: Called Strike
0-1: Called Strike
0-2: Foul Ball, location: 2F
0-2: Fly out, F5 (Popup, 5S)
Batting: RHB Jeff Jones 0-0: Ball
1-0: Called Strike
1-1: Ball
2-1: Foul Ball, location: 2F
2-2: Ground out 4-3 (Groundball, 4)
Top of the 11th over - 0 run(s), 0 hit(s), 0 error(s), 0 left on base; St. Louis 2 - Irvine 2
BOTTOM OF THE 11TH
Irvine Gang Green batting - Pitching for St. Louis Browns : LHP Miguel Martínez
Batting: RHB Buck Jones 0-0: Foul Ball, location: 2F
0-1: Ball
1-1: Swinging Strike
1-2: Ball
2-2: Foul Ball, location: 2F
2-2: Foul Ball, location: 2F
2-2: Ball
3-2: Fly out, F7 (Flyball, 7S)
Pitching: RHP António López
Batting: LHB Víctor Quiñones 0-0: Ball
1-0: Foul Ball, location: 2F
1-1: Ball
2-1: Foul Ball, location: 2F
2-2: Ball
3-2: SINGLE (Groundball, 34D)
Batting: RHB Eichiro Yamamoto 0-0: Foul Ball, location: 2F
0-1: Called Strike
0-2: Ball
1-2: Ball
2-2: Strikes out swinging
Batting: LHB Leonardo Medina 0-0: Foul Ball, location: 2F
0-1: Ball
1-1: Ground out U3 (Groundball, 34)
Bottom of the 11th over - 0 run(s), 1 hit(s), 0 error(s), 1 left on base; St. Louis 2 - Irvine 2
TOP OF THE 12TH
St. Louis Browns batting - Pitching for Irvine Gang Green : RHP Raúl Saltines
Batting: LHB Jorge Torres 0-0: Ball
1-0: Fly out, F4 (Popup, 3D)
Batting: SHB David Johnstone 0-0: Ball
1-0: Called Strike
1-1: Swinging Strike
1-2: Strikes out swinging
Batting: LHB Dave Watson 0-0: Reached on error, E4 (Groundball, 4)
Batting: LHB Bill Murphy 0-0: Ball
1-0: Fielders Choice at 2nd, 4-6 (Groundball, 4)
Top of the 12th over - 0 run(s), 0 hit(s), 1 error(s), 0 left on base; St. Louis 2 - Irvine 2
BOTTOM OF THE 12TH
Irvine Gang Green batting - Pitching for St. Louis Browns : RHP António López
Batting: RHB José Salazar 0-0: Ball
1-0: Ball
2-0: Foul Ball, location: 2F
2-1: Foul Ball, location: 2F
2-2: Ball
3-2: Base on Balls
Batting: RHB Don Hooper 0-0: Bunted foul
0-1: Sac Bunt - play at second, runner OUT! 1-6
Batting: LHB Tony Tavárez 0-0: Ball
1-0: Called Strike
Don Hooper steals 2nd base
1-1: Ground out 3-1 (Groundball, 34S)
Don Hooper to third
Batting: RHB Ronnie Brown 0-0: Ball
1-0: Foul Ball, location: 2F
1-1: Ball
2-1: Called Strike
2-2: SINGLE (Groundball, 34D)
Don Hooper scores
Tuesday, August 8th, 2017 - OOTP Baseball 17.12 Build 75